 Dungeon Crawl Stone Soup version 0.28-a0-691-gad6df49e81 (webtiles) character file.

Game seed: 6045196334127574564

464 Irenicus the Geomancer (level 6, -3/44 HPs)
             Began as a Deep Dwarf Earth Elementalist on Oct 21, 2021.
             Was an Initiate of Makhleb.
             Slain by Crazy Yiuf (8 damage)
             ... on level 2 of the Dungeon.
             The game lasted 00:09:29 (1184 turns).

Irenicus the Geomancer (DDEE)                       Turns: 1184, Time: 00:09:31

Health: -3/44      AC:  2    Str: 11    XL:     6   Next: 80%
Magic:  5/8        EV: 12    Int: 24    God:    Makhleb [......]
Gold:   62         SH:  5    Dex: 13    Spells: 2/8 levels left

rFire   . . .      SeeInvis .   d - staff of death {!a}
rCold   . . .      Faith    .   (no shield)
rNeg    + . .      Spirit   .   b - +0 robe
rPois   .          Reflect  +   (no helmet)
rElec   .          Harm     .   (no cloak)
rCorr   .          Rampage  .   (no gloves)
Will    .....      Clarity  +   (no boots)
Stlth   ++........              c - amulet of reflection
HPRegen 0.00/turn               I - +6 ring of intelligence
MPRegen 0.11/turn               (no ring)

@: no status effects
A: damage resistance, heal wounds, sense surroundings 1, no regeneration,
clarity, frail 1
a: Heal Wounds, Renounce Religion


You were on level 2 of the Dungeon.
You worshipped Makhleb.
Makhleb was noncommittal.
You visited 2 branches of the dungeon, and saw 7 of its levels.

You collected 62 gold pieces.


Innate Abilities, Weirdness & Mutations

You are resistant to damage.
You can heal yourself by infusing magical energy.
You passively map a small area around you.
You do not regenerate.
You possess an exceptional clarity of mind.
You are frail. (-10% HP)


   Skills:
 - Level 2.1 Dodging
 - Level 2.4 Stealth
 - Level 1.7 Spellcasting
 - Level 0.8 Transmutations
 + Level 10.2 Earth Magic


You had 2 spell levels left.
You knew the following spells:

 Your Spells              Type           Power      Damage    Failure   Level
t - Stone Arrow           Conj/Erth      52%        3d10      4%          3
w - Passwall              Tmut/Erth      23%        N/A       1%          2
z - Sandblast             Erth           100%       2d20      1%          1

Your spell library contained the following spells:

 Spells                   Type           Power      Damage    Failure   Level
 Petrify                  Tmut/Erth      28%        N/A       13%         4

Inventory:

Armour
 b - a +0 robe (worn)
Magical Staves
 d - a staff of death (weapon) {!a}
Jewellery
 c - an amulet of reflection (around neck)
 I - a +6 ring of intelligence (left hand)
Scrolls
 a - a scroll of amnesia {unknown}
 e - 2 scrolls of identify {@r1}
 g - a scroll of immolation {unknown}
 j - a scroll of enchant weapon {unknown}
Potions
 f - a potion of curing {@q1}
 h - a potion of degeneration

Dungeon Overview and Level Annotations

Branches:
Dungeon (6/15)             Temple (1/1) D:6

Altars:
Elyvilon
Fedhas
Kikubaaqudgha
Makhleb
Qazlal
Trog
Yredelemnul
Zin

Annotations:
D:2 Crazy Yiuf
D:3 Robin
D:6 Maggie

.......# #.# #.######
#.# ** #.# #.# * #.#
### * #'## ...## *
....######♣♣ *▒▒▒ ,
.....##..#.♣♣ ♣♣▒..)▒
*
............♣♣♣♣@g...▒
,
......+......♣..♣▒...▒
......##.#..♣.♣♣♣ *▒▒▒
* .....#####♣♣♣♣♣ *
....## ...## * * #+# *
#.## , , #..### ** ,


You could see Crazy Yiuf.


Message History

* * * LOW HITPOINT WARNING * * *
You hit the jackal.
You kill the jackal!
Makhleb accepts your kill. The jackal bites you.
Casting: Stone Arrow (dangerous; 4% risk of failure)
Confirm with . or Enter, or press ? or * to list all spells.
Aiming: Stone Arrow (dangerous; 4% risk of failure)
Press: ? - help, Shift-Dir - straight line, f - jackal
Aim: a jackal (64% to hit)
The stone arrow hits the jackal!
You kill the jackal!
Makhleb accepts your kill.
Things that are here:
a jackal corpse; a jackal corpse You see here a +0 ring mail.
You open the door.
There is an open door here.
Okay, then.
Found a mace.
Found a runed translucent door.
You open the door.
Casting: Stone Arrow (dangerous; 4% risk of failure)
Confirm with . or Enter, or press ? or * to list all spells.
Aiming: Stone Arrow (dangerous; 4% risk of failure)
Press: ? - help, Shift-Dir - straight line, f - Crazy Yiuf
Aim: Crazy Yiuf, wielding a +2 quarterstaff of chaos, wearing a +0 cloak and carrying a wand of flame (12) (75% to hit)
The stone arrow hits Crazy Yiuf.
Crazy Yiuf is moderately wounded.
Crazy Yiuf hits you with a +2 quarterstaff of chaos!
You die...

Skill      XL: |  1  2  3  4  5  6 |
---------------+-------------------+-----
Earth Magic    | 5 7 9 10 | 10.2
Dodging        | |  2.1
Stealth        | |  2.4
Spellcasting   | |  1.7
Transmutations | |  0.8

Action                   |  1- 3 |  4- 6 || total
-------------------------+-------+-------++-------
Melee: Unarmed           |    15 |    82 ||    97
       Staff             |       |    41 ||    41
 Cast: Sandblast         |    21 |     9 ||    30
       Stone Arrow       |       |     9 ||     9
       Passwall          |       |     1 ||     1
 Abil: Heal Wounds       |       |     1 ||     1
  Use: Scroll            |     2 |     2 ||     4
       Potion            |       |     4 ||     4
Armor: Robe              |     8 |    15 ||    23
Dodge: Dodged            |    25 |    97 ||   122
Block: Other             |       |    29 ||    29

Levels and vault maps discovered:
D:1:      lemuel_arrival_muddy, layout_basic
D:2:      layout_loops_corners, uniq_crazy_yiuf_cottage
D:3:      layout_rooms, mainiacjoe_overflow_tiny_flanked,
          shapermc_ecumenical_altar_mp_urbaneastern, uniq_robin
D:4:      cheibrodos_fertilizer, layout_loops_ring, portal_sewer_entry_a
D:5:      layout_basic
D:6:      lemuel_slime, layout_loops_cross, minmay_temple_entry_arrows,
          chequers_serial_rivers_small_3, uniq_menkaure, uniq_maggie
Temple:   oiseaux_autumnal_temple

Notes
Turn   | Place    | Note
-------+----------+-------------------------------------------
     0 | D:1      | Irenicus the Deep Dwarf Earth Elementalist began the quest
                  | for the Orb.
     0 | D:1      | Reached XP level 1. HP: 15/15 MP: 3/3
   195 | D:5      | Entered Level 5 of the Dungeon
   227 | D:5      | Reached skill level 5 in Earth Magic
   227 | D:5      | Reached XP level 2. HP: 16/22 MP: 0/4
   227 | D:5      | Reached XP level 3. HP: 20/28 MP: 0/5
   276 | D:5      | Reached skill level 6 in Earth Magic
   340 | D:5      | Noticed an ice beast
   346 | D:5      | Killed an ice beast
   347 | D:5      | Reached skill level 7 in Earth Magic
   347 | D:5      | Reached XP level 4. HP: 26/36 MP: 2/6
   347 | D:5      | Reached XP level 5. HP: 30/42 MP: 2/7
   392 | D:5      | Reached skill level 8 in Earth Magic
   508 | D:6      | Reached skill level 9 in Earth Magic
   508 | D:6      | Reached XP level 6. HP: 16/49 MP: 3/8
   509 | D:6      | Noticed Menkaure
   516 | D:6      | Killed Menkaure
   607 | D:6      | Reached skill level 10 in Earth Magic
   611 | D:6      | Found a staircase to the Ecumenical Temple.
   619 | D:6      | Noticed Maggie
   622 | Temple   | Entered the Ecumenical Temple
   688 | Temple   | Became a worshipper of Makhleb the Destroyer
   812 | D:5      | Learned a level 2 spell: Passwall
   823 | D:4      | Found a glowing drain.
   889 | D:4      | Learned a level 3 spell: Stone Arrow
   895 | D:3      | Noticed Robin
   977 | D:2      | Gained mutation: You are frail. (-10% HP) [potion of
                  | mutation]
   977 | D:2      | Gained mutation: You possess an exceptional clarity of
                  | mind. [potion of mutation]
  1179 | D:2      | Found a runed translucent door.
  1180 | D:2      | Noticed Crazy Yiuf
  1184 | D:2      | Slain by Crazy Yiuf

Vanquished Creatures
  Menkaure (D:6)
  An ice beast (D:5)
  A water moccasin skeleton (D:6)
  A centaur skeleton (D:5)
  A scorpion zombie (D:5)
  An iguana (D:5)
  3 orc wizards (D:6)
  A shadow imp (D:6)
  A white imp (D:5)
  An orc (D:6)
  2 endoplasms
  A giant cockroach (D:4)
  4 goblins
  3 hobgoblins
  5 jackals
  2 quokkas (D:2)
  A ball python (D:2)
  2 frilled lizards (D:2)
  3 rats
35 creatures vanquished.

Vanquished Creatures (others)
  10 toadstools (D:4)
10 creatures vanquished.

Grand Total: 45 creatures vanquished

Table legend: (Time is in decaauts)
 A = Elapsed time spent in this place.
 B = Non-inter-level travel time spent in this place.
 C = Inter-level travel time spent in this place.
 D = Time resting spent in this place.
 E = Time spent auto-exploring this place.
 F = Levels seen in this place.
 G = Mean time per level.
                   A        B        C        D        E       F      G
               +--------+--------+--------+--------+--------+-----+--------+
         Total |   1195 |   1195 |      0 |      0 |      0 |   7 |  170.7 |
       Dungeon |   1111 |   1111 |      0 |      0 |      0 |   6 |  185.2 |
        Temple |     83 |     83 |      0 |      0 |      0 |   1 |   83.0 |
               +--------+--------+--------+--------+--------+-----+--------+

Top non-repeatable levels by time:
     D:2: 352 daAuts
     D:5: 338 daAuts
     D:6: 207 daAuts
     D:4: 129 daAuts
  Temple: 83 daAuts
     D:1: 58 daAuts
     D:3: 24 daAuts

Table legend:
 A = Non-vault XP
 B = Vault XP
 C = Vault XP percentage of total XP
 D = Non-vault monster count
 E = Vault monster count
 F = Vault count percentage of total count
                 A         B        C        D         E       F
            +---------+---------+-------+---------+---------+-------
      Total |     484 |     180 |  27.1 |      27 |       8 |  22.9
            +---------+---------+-------+---------+---------+-------
        D:1 |       4 |       0 |   0.0 |       2 |       0 |   0.0
        D:2 |      22 |       5 |  18.5 |      13 |       3 |  18.8
        D:3 |       0 |       2 | 100.0 |       0 |       1 | 100.0
        D:4 |       2 |       4 |  66.7 |       1 |       3 |  75.0
        D:5 |     264 |       0 |   0.0 |       5 |       0 |   0.0
        D:6 |     192 |     169 |  46.8 |       6 |       1 |  14.3
            +---------+---------+-------+---------+---------+-------
